 Dungeon Crawl Stone Soup version 0.27-a0-686-gaed091b46b (console) character file.

Game seed: 5528254107285359841

297648 Gather the Gelid (level 20, -7/132 HPs)
             Began as an Octopode Ice Elementalist on Mar 7, 2021.
             Was an Elder of Elyvilon.
             Killed from afar by an ironbound frostheart (32 damage)
             ... with a frost
             ... led by a vault warden
             ... on level 2 of the Vaults on Mar 21, 2021.
             The game lasted 07:06:13 (84237 turns).

Gather the Gelid (Octopode Ice Elementalist)       Turns: 84237, Time: 07:06:14

Health: -7/132     AC:  3    Str: 13    XL:     20   Next: 94%
Magic:  1/38       EV: 23    Int: 37    God:    Elyvilon [****..]
Gold:   356        SH:  5    Dex: 21    Spells: 2/32 levels left

rFire    . . .     SeeInvis .     - Unarmed
rCold    . . .     Faith    .   (shield currently unavailable)
rNeg     + + +     Spirit   .   y - +2 hat
rPois    .         Reflect  +   q - amulet of reflection
rElec    .         Harm     .   g - ring of willpower
rCorr    +         Rampage  .   m - ring of magical power
Will     ++...                  C - ring of resist corrosion
Stlth    +++++.....             b - +6 ring of intelligence
HPRegen  0.32/turn              T - +6 ring of intelligence
MPRegen  0.26/turn              K - +6 ring of strength
                                i - ring of wizardry
                                u - ring "Niuteij" {*Slow +Fly rN+++ Int+4 Dex+3 Slay+3}

@: blade tentacles, studying Earth Magic
A: almost no armour, amphibious, 8 rings, camouflage 1, gelatinous body 1,
nimble swimmer 1, tentacles
}: 2/15 runes: decaying, serpentine
a: End Transformation, Renounce Religion, Evoke Flight, Lesser Healing, Heal
Other, Purification, Greater Healing, Divine Protection


You were on level 2 of the Vaults.
You worshipped Elyvilon.
Elyvilon was greatly pleased with you.
You had blades for main tentacles.
You visited 7 branches of the dungeon, and saw 34 of its levels.
You also visited: Sewer, Bailey, Ice Cave and Wizlab.

You collected 5569 gold pieces.
You spent 5213 gold pieces at shops.

Inventory:

Hand Weapons
 F - a +4 dagger of venom
Missiles
 n - 15 boomerangs of dispersal
 o - 127 poisoned darts
 Z - 23 curare-tipped darts
Armour
 k - a +2 buckler of reflection (melded)
 y - a +2 hat (worn)
 Y - a +1 hat
Magical Staves
 c - a staff of cold (melded)
 e - a staff of earth
 j - a staff of conjuration
Jewellery
 b - a +6 ring of intelligence (on tentacle)
 g - a ring of willpower (left blade tentacle)
 h - a ring of ice
 i - a ring of wizardry (on tentacle)
 m - a ring of magical power (right blade tentacle)
 q - an amulet of reflection (around mantle)
 u - the ring "Niuteij" (on tentacle) {*Slow +Fly rN+++ Int+4 Dex+3 Slay+3}
   (You found it on level 12 of the Dungeon)

   [ring of flight]

   It affects your intelligence (+4).
   It affects your dexterity (+3).
   It affects your accuracy and damage with ranged weapons and melee attacks
   (+3).
   It renders you almost immune to negative energy.
   It lets you fly.
   It may slow you when you take damage.
 C - a ring of resist corrosion (on tentacle)
 J - a ring of see invisible
 K - a +6 ring of strength (on tentacle)
 M - a ring of willpower
 R - a ring of resist corrosion
 T - a +6 ring of intelligence (on tentacle)
Wands
 r - a wand of iceblast (18)
 H - a wand of charming (24)
 I - a wand of flame (40) (quivered)
 N - a wand of digging (5)
 S - a wand of acid (8)
Scrolls
 d - 20 scrolls of identify
 f - 10 scrolls of magic mapping
 l - 3 scrolls of amnesia
 x - 23 scrolls of teleportation
 Q - a scroll of silence
 V - 7 scrolls of fog
 W - 2 scrolls of fear
Potions
 a - a potion of ambrosia
 p - 15 potions of curing
 s - 3 potions of brilliance
 t - 13 potions of flight
 v - 4 potions of heal wounds
 w - 3 potions of haste
 z - 3 potions of invisibility
 A - 7 potions of attraction
 B - 6 potions of mutation
 D - 2 potions of cancellation
 E - 9 potions of might
 L - 2 potions of resistance
 X - 2 potions of magic
Miscellaneous
 G - a phial of floods
 O - a phantom mirror
 P - a phantom mirror
 U - a tin of tremorstones (2/2)


   Skills:
 - Level 10.1 Fighting
 - Level 0.9 Staves
 - Level 13.8 Dodging
 - Level 8.8 Stealth
 + Level 9.6 Shields
 - Level 14.4 Unarmed Combat
 - Level 6.5 Spellcasting
 - Level 5.6 Conjurations
 - Level 12.9 Summonings
 - Level 10.9 Transmutations
 - Level 15.4 Ice Magic
 - Level 7.0 Earth Magic
 - Level 7.3 Invocations
 - Level 7.1 Evocations


You had 2 spell levels left.
You knew the following spells:

 Your Spells              Type           Power      Damage    Failure   Level
b - Blade Hands           Tmut           37%        N/A       6%          5
d - Lee's Rapid Deconstr  Erth           29%        3d16*     13%         5
f - Ice Form              Ice/Tmut       83%        N/A       3%          4
i - Ozocubu's Armour      Ice            90%        N/A       1%          3
r - Ozocubu's Refrigerat  Ice            45%        4d14      13%         7
s - Shadow Creatures      Summ           N/A        N/A       9%          6

Your spell library contained the following spells:

 Spells                   Type           Power      Damage    Failure   Level
 Freeze                   Ice            100%       1d11      1%          1
 Summon Small Mammal      Summ           100%       N/A       1%          1
 Beastly Appendage        Tmut           100%       N/A       2%          1
 Wereblood                Tmut           75%        N/A       2%          2
 Ensorcelled Hibernation  Hex/Ice        100%       N/A       3%          2
 Passwall                 Tmut/Erth      56%        N/A       3%          2
 Magic Dart               Conj           100%       1d8       4%          1
 Sting                    Tmut/Pois      100%       1d8       4%          1
 Searing Ray              Conj           100%       3d7       4%          2
 Animate Skeleton         Necr           24%        N/A       11%         1
 Apportation              Tloc           24%        N/A       11%         1
 Corona                   Hex            13%        N/A       11%         1
 Poisonous Vapours        Pois/Air       24%        N/A       13%         2
 Slow                     Hex            12%        N/A       13%         2
 Swiftness                Air            12%        N/A       13%         2
 Frozen Ramparts          Ice            100%       1d12      1%          3
 Summon Ice Beast         Ice/Summ       87%        N/A       2%          4
 Hailstorm                Conj/Ice       74%        3d15      4%          4
 Spider Form              Tmut/Pois      25%        N/A       6%          3
 Ignite Poison            Fire/Tmut/Pois 38%        N/A       9%          3
 Conjure Flame            Conj/Fire      32%        6-21      11%         3
 Dazzling Flash           Conj/Hex       64%        N/A       11%         3
 Mephitic Cloud           Conj/Pois/Air  25%        N/A       12%         3
 Metabolic Englaciation   Hex/Ice        31%        N/A       12%         5
 Summon Forest            Summ/Tloc      28%        N/A       16%         5
 Summon Mana Viper        Hex/Summ       56%        N/A       16%         5
 Leda's Liquefaction      Hex/Erth       19%        N/A       17%         4
 Iskenderun's Battlesphe  Conj           52%        2d10      19%         5
 Confusing Touch          Hex            12%        N/A       21%         3
 Gell's Gravitas          Tloc           6%         N/A       21%         3
 Inner Flame              Hex/Fire       12%        N/A       21%         3
 Portal Projectile        Hex/Tloc       24%        N/A       21%         3
 Tukima's Dance           Hex            12%        N/A       21%         3
 Fulminant Prism          Conj/Hex       16%        3d11      21%         4
 Iskenderun's Mystic Bla  Conj/Tloc      32%        2d8       21%         4
 Sticky Flame             Conj/Fire      32%        2d5       21%         4
 Summon Hydra             Summ           41%        N/A       24%         7
 Bolt of Magma            Conj/Fire/Erth 21%        4d11      26%         5
 Simulacrum               Ice/Necr       31%        N/A       32%         6
 Freezing Cloud           Conj/Ice/Air   29%        6-21      36%         6
 Cause Fear               Hex            6%         N/A       38%         4
 Manifold Assault         Tloc           12%        N/A       38%         4
 Olgreb's Toxic Radiance  Pois           12%        N/A       38%         4
 Passage of Golubria      Tloc           N/A        N/A       38%         4
 Iron Shot                Conj/Erth      28%        9d6       43%         6
 Spellforged Servitor     Conj/Summ      34%        N/A       54%         7
 Starburst                Conj/Fire      16%        8x6d6     80%         6
 Orb of Destruction       Conj           26%        9d10      90%         7
 Dispersal                Tloc           6%         N/A       98%         6
 Invisibility             Hex            12%        N/A       98%         6
 Disjunction              Tloc           6%         N/A       100%        8


Dungeon Overview and Level Annotations

Branches:
Dungeon (15/15)            Temple (1/1) D:6            Lair (6/6) D:11
  Swamp (4/4) Lair:2        Snake (4/4) Lair:2        Slime (0/5) Lair:5
    Orc (2/2) D:12            Elf (0/3) Orc:2        Vaults (2/5) D:14
 Depths (0/5) D:15          Sewer (visited)          Bailey (visited)
  IceCv (visited)          WizLab (visited)
  Crypt: Vaults:2-3

Altars:
Ashenzari
Cheibriados
Dithmenos
Elyvilon
Fedhas
Gozag
Hepliaklqana
Kikubaaqudgha
Makhleb
Nemelex Xobeh
Okawaru
Qazlal
Ru
Sif Muna
Trog
Uskayaw
Vehumet
Wu Jian
Xom
Yredelemnul
Zin
The Shining One
Beogh
Jiyva

Shops:
D:5 *   D:10 [   D:11 !   D:15 ?   Orc:2 (*[*   Snake:2 :*   Vaults:1 *[(=[

Annotations:
Orc:2 Saint Roka


Innate Abilities, Weirdness & Mutations

You have blades for main tentacles.
Your spellcasting is less reliable in this form.
You are incapable of wielding weapons or throwing items.
You cannot wear most types of armour.
You are amphibious.
You can wear up to eight rings at the same time.
Your skin changes colour to match your surroundings (Stealth+).
Your rubbery body absorbs attacks. (AC +1, EV +1)
You are stealthy while swimming. (Stealth+)
You have tentacles for arms and can constrict up to eight enemies at once.


Message History

The vault guard hits your vault guard with a +0 battleaxe!!
The vault guard hits your ironbound convoker with a +0 battleaxe!
Your ironbound convoker dies!
Your ironbound convoker's corpse dissolves into shadows!
You are healed.
You constrict the vault guard.
Your vault guard completely misses the vault guard.
The vault guard completely misses your vault guard.
You block the vault guard's attack.
Your icy armour will break if you move.
Continue?
You release your grip on the vault guard.
Your icy armour cracks and falls away as you move.
The ice encasing you melts away.
Your vault guard hits the vault guard with a +2 halberd!
The vault guard dies!
Your vault warden hits the ironbound frostheart with a +6 battleaxe of draining!!
Your vault warden drains the ironbound frostheart!
The ironbound frostheart calls freezing cold from the walls.
The frost grips you!!
* * * LOW HITPOINT WARNING * * *
You are encased in ice.
The frost grips your vault warden!! The frost grips your vault sentinel!!
Your vault sentinel hits the ironbound frostheart with a +0 war axe!
You are healed.
Your vault warden hits the ironbound frostheart with a +6 battleaxe of draining!!
The ironbound frostheart dies!
The vault warden hits your vault guard with a +2 great sword!
Your vault guard hits the vault warden with a +2 halberd!
You swap places.
The ice encasing you melts away.
The vault warden hits your vault warden with a +2 great sword!!
Your vault warden dissolves into shadows!
Your vault guard hits the vault warden with a +2 halberd!!!
The vault warden hits your vault guard with a +2 great sword!!
Your vault guard barely misses the vault warden.
There is an open door, spattered with blood here.
You see here a +0 scale mail.
The vault warden closely misses your vault guard.
The ironbound frostheart calls freezing cold from the walls.
The frost grips you!!
You die...

....................).....
#.................)....... #
#.........................
#......#.........................
#......#.........................
#......#.###+#####.......pp......
#......#.'.#...#.#)..............
#......#.#[##.##.#.######'#......
#......#.#.......#.#..##..#......
#......#.#..)....###pp##..###....
######'#.#......@[pp##))##..#....
.........#.##.##.#.[##..# ..+....
.........#.#...#.###..##..###....
.........######### #..# ..# ..
............ ..##..##.. .
............. #.. ..# ..#
.............. ## #.. ##
.............. ..# ..............
##


You could see a vault warden (ally target), an ironbound frostheart, a friendly
vault guard (summoned, strong) and a friendly vault sentinel (summoned).

Vanquished Creatures
  Jorgrun (Swamp:3)
  The ghost of Caur the Impregnable, an adept MiBe of Trog (Snake:1)
  A tentacled starspawn (WizLab)
  Donald (Swamp:3)
  The ghost of Miemoat the Gelid, an adept DsIE of Sif Muna (Snake:1)
  3 nagarajas (Snake:4)
  A fenstrider witch (Lair:2)
  3 vault wardens
  A frost giant (D:15)
  An orc warlord (Bailey)
  Aizul (Swamp:1)
  8 ironbound preservers
  4 very ugly things (Vaults:1)
  A spectral titan (Vaults:1)
  A bunyip (Swamp:2)
  3 dire elephants (Lair:6)
  A fire dragon (D:14)
  An ironbound thunderhulk (Vaults:2)
  7 boulder beetles
  2 yaktaur captains (Vaults:1)
  Fannar (Lair:3)
  9 hydras
  6 vault guards
  3 naga warriors
  12 anacondas
  8 centaur warriors
  2 ghost crabs
  4 alligators
  4 two-headed ogres
  An ogre mage (D:15)
  A death knight (D:13)
  5 ironbound frosthearts
  4 death yaks (Lair:3)
  An orc high priest (Orc:2)
  A tengu warrior (D:13)
  An ironbound beastmaster (Vaults:1)
  A thrashing horror (WizLab)
  A naga sharpshooter (Snake:2)
  A spriggan berserker (Swamp:3)
  3 shock serpents
  A fire crab (Lair:6)
  An unseen horror (D:13)
  2 salamander mystics
  29 deep trolls
  A spriggan druid (Lair:2)
  A death drake (Swamp:3)
  A phantasmal warrior (D:13)
  An obsidian statue (WizLab)
  4 naga ritualists
  8 ironbound convokers
  A harpy (shapeshifter) (D:14)
  A wizard (D:14)
  3 lindwurms (Vaults:1)
  4 deep elf pyromancers
  A wolf spider zombie (D:15)
  10 ugly things
  A necromancer (IceCv)
  Pikel (D:8)
  5 mana vipers
  An orc knight (Orc:1)
  2 orc sorcerers
  5 salamanders
  4 cyclopes
  A will-o-the-wisp (Swamp:1)
  A manticore (D:15)
  31 black mambas
  6 vault sentinels
  2 ice statues (IceCv)
  10 naga magi
  17 elephants
  2 guardian serpents
  A gargoyle (D:8)
  3 centaur zombies
  Maggie (D:8)
  9 cane toads
  Psyche (D:8)
  4 rime drakes
  7 ice devils (IceCv)
  7 komodo dragons
  13 yaktaurs
  2 freezing wraiths
  5 trolls
  A tengu conjurer (D:13)
  A spectral glowing shapeshifter (Vaults:1)
  An ancient zyme (WizLab)
  A shadow dragon simulacrum (Vaults:1)
  A bloated husk (Swamp:4)
  3 polar bears
  A meliai (D:8)
  A spectral human (Vaults:1)
  4 blink frogs
  Prince Ribbit (D:5)
  A tengu simulacrum (Vaults:1)
  3 hornets (Swamp:1)
  21 slime creatures
  4 tyrant leeches
  A stone giant simulacrum (Vaults:1)
  Sigmund (D:2)
  A redback (Vaults:2)
  A meliai zombie (D:11)
  A spriggan (shapeshifter) (D:13)
  2 vampires
  A tarantella (shapeshifter) (D:8)
  An elf simulacrum (Vaults:1)
  4 spriggans
  2 shadows
  4 wyverns
  A wraith (D:13)
  A basilisk (Lair:2)
  3 swamp worm simulacra (Swamp:4)
  35 yaks
  9 vampire mosquitoes
  16 nagas
  2 soldier ants (D:15)
  4 wargs
  A hell hound (WizLab)
  A swamp worm (Lair:2)
  A hydra simulacrum (Swamp:4)
  20 water moccasins
  5 sky beasts
  45 orc warriors
  An ice beast (D:9)
  2 deep troll simulacra (Vaults:1)
  5 black bears
  A necrophage (D:8)
  3 removed eyes of draining
  7 ogres
  24 wolves
  11 centaurs
  10 nameless horrors
  A lemure (D:8)
  3 phantoms
  3 kobold brigands
  19 bullfrogs
  A water moccasin zombie (D:9)
  A wyvern skeleton (D:9)
  5 scorpions
  10 killer bees
  6 wights
  3 electric eels
  A howler monkey (D:11)
  2 bullfrog zombies (D:11)
  3 hounds
  A quasit (D:7)
  4 draconian simulacra (IceCv)
  4 jellies
  7 centaur skeletons
  25 orc priests
  5 iguanas
  37 orc wizards
  A troll simulacrum (IceCv)
  5 hell rats (Lair:6)
  8 worker ants
  A centaur simulacrum (IceCv)
  A hound skeleton (D:5)
  A worker ant zombie (D:9)
  Robin (D:2)
  A howler monkey skeleton (D:8)
  18 adders
  A gnoll (Bailey)
  3 naga simulacra (IceCv)
  An ogre simulacrum (IceCv)
  3 river rats (Sewer)
  An ufetubus (D:9)
  2 oozes
  A swamp drake simulacrum (Swamp:4)
  4 worms
  A dart slug (D:1)
  2 leopard geckos
  99 orcs
  7 giant cockroaches
  20 goblins
  12 hobgoblins
  8 jackals
  24 kobolds
  7 quokkas
  4 ball pythons
  12 bats
  8 frilled lizards
  A quokka skeleton (D:7)
  12 rats
  5 briar patches (Swamp:2)
1010 creatures vanquished.

Vanquished Creatures (collateral kills)
  Mara (Swamp:3)
  A tentacled monstrosity (Swamp:3)
  The ghost of passata the Eclecticist, an adept DECj of Vehumet (Vaults:1)
  The ghost of fly the Devastator, an adept TeAE of Qazlal (Swamp:2)
  Agnes (Snake:3)
  A thorn hunter (Swamp:2)
  An azure jelly (Swamp:4)
  3 fenstrider witches
  5 nagarajas (Snake:4)
  An emperor scorpion (shapeshifter) (D:11)
  2 ironbound preservers (Vaults:1)
  A starcursed mass (WizLab)
  3 bunyips
  3 dire elephants
  A red draconian (WizLab)
  5 eleionomae
  A boulder beetle (Vaults:1)
  A great orb of eyes (Vaults:1)
  2 ice dragons (Swamp:4)
  A vault guard (Vaults:2)
  8 hydras
  8 naga warriors
  An ironbound frostheart (Vaults:2)
  A rakshasa (WizLab)
  5 anacondas
  2 centaur warriors (D:15)
  A spectral human (Vaults:1)
  2 two-headed ogres
  4 alligators
  A thrashing horror (WizLab)
  A death yak (Lair:3)
  Sonja (Lair:5)
  4 shock serpents
  2 soul eaters (WizLab)
  9 naga sharpshooters
  5 salamander mystics
  2 sea snakes (Snake:4)
  A shadow wraith (WizLab)
  3 goliath frogs
  3 deep trolls (Vaults:1)
  2 spriggan druids (Swamp:1)
  3 swamp dragons
  3 bog bodies
  A wizard (Vaults:1)
  8 naga ritualists
  An orc knight (D:15)
  A deep elf pyromancer (D:8)
  2 orc sorcerers
  15 salamanders
  4 will-o-the-wisps
  8 elephants
  4 ugly things
  11 black mambas
  A vault sentinel (Vaults:1)
  An ice statue (IceCv)
  6 naga magi
  2 guardian serpents (Snake:4)
  An orange demon (WizLab)
  A cane toad (Lair:6)
  A yaktaur (shapeshifter) (D:13)
  2 yaktaurs
  2 rime drakes
  4 freezing wraiths
  4 komodo dragons
  An efreet (WizLab)
  A spriggan skeleton (WizLab)
  A yaktaur skeleton (WizLab)
  A red devil (WizLab)
  6 trolls
  A hornet (Swamp:4)
  A polar bear (Lair:6)
  A bloated husk (Swamp:2)
  Grinder (D:6)
  8 blink frogs
  8 tyrant leeches
  A nameless horror (Snake:3)
  3 slime creatures
  2 spriggans
  An air elemental (WizLab)
  A ynoxinul (WizLab)
  Grum (Lair:1)
  A large abomination (WizLab)
  Eustachio (D:5)
  4 yaks
  6 vampire mosquitoes
  2 basilisks
  3 wargs (Orc:1)
  2 elf simulacra (Vaults:1)
  14 swamp worms
  38 nagas
  A spatial vortex (WizLab)
  An acid dragon (D:14)
  10 water moccasins
  13 hydra simulacra (Swamp:4)
  A hell hound (WizLab)
  4 swamp drakes (Swamp:2)
  A black bear (Lair:5)
  13 orc warriors
  A necrophage (D:14)
  2 boggarts (WizLab)
  5 centaurs
  4 wolves
  10 ogres
  A phantom (D:8)
  A kobold brigand (D:9)
  5 bullfrogs
  Blork the orc (D:5)
  2 howler monkeys
  A hound (D:14)
  7 orc priests
  2 jellies
  An iguana (D:7)
  4 orc wizards
  A worker ant (D:7)
  A hell rat (Lair:6)
  A gnoll (Bailey)
  3 adders
  4 swamp drake simulacra (Swamp:4)
  34 orcs
  A giant cockroach (D:2)
  A hobgoblin (Bailey)
  2 jackals
  A frilled lizard (D:2)
  8 kobolds
  A rat (D:2)
  A briar patch (Swamp:2)
  A lurking horror (WizLab)
  A starspawn tentacle (WizLab)
450 creatures vanquished.

Vanquished Creatures (others)
  Asterion (Snake:1)
  An eldritch tentacle (WizLab)
  An azure jelly (Swamp:4)
  A naga (Snake:4)
  2 spatial vortices (WizLab)
  A goblin (D:2)
  60 foxfires
  150 fungi
  234 plants
  18 starspawn tentacles (WizLab)
469 creatures vanquished.

Grand Total: 1929 creatures vanquished

Notes
Turn   | Place    | Note
-------+----------+-------------------------------------------
     0 | D:1      | Gather the Octopode Ice Elementalist began the quest for
                  | the Orb.
     0 | D:1      | Reached XP level 1. HP: 11/11 MP: 3/3
   335 | D:1      | Reached XP level 2. HP: 17/17 MP: 3/5
  1223 | D:2      | Noticed Sigmund
  1271 | D:2      | Noticed Robin
  1625 | D:1      | Reached XP level 3. HP: 14/21 MP: 4/6
  1628 | D:1      | Reached skill level 5 in Ice Magic
  2019 | D:2      | Killed Robin
  2056 | D:1      | Learned a level 3 spell: Frozen Ramparts
  2125 | D:2      | Reached XP level 4. HP: 26/27 MP: 3/7
  2334 | D:2      | Learned a level 3 spell: Ozocubu's Armour
  2382 | D:2      | Found a sacrificial altar of Ru.
  2389 | D:2      | Reached skill level 6 in Ice Magic
  2628 | D:2      | Reached XP level 5. HP: 31/31 MP: 8/8
  2924 | D:3      | Found an opulent altar of Gozag.
  3445 | D:3      | Found a burning altar of Makhleb.
  3445 | D:3      | Found an iron altar of Okawaru.
  3445 | D:3      | Found a broken altar of Ashenzari.
  3445 | D:3      | Noticed a blizzard demon
  3961 | D:4      | Found a glowing drain.
  4040 | Sewer    | Entered a sewer
  4057 | Sewer    | Reached XP level 6. HP: 37/37 MP: 3/9
  4215 | Sewer    | Reached skill level 1 in Fighting
  4636 | Sewer    | Found a white marble altar of Elyvilon.
  4641 | Sewer    | Became a worshipper of Elyvilon the Healer
  4701 | D:4      | Reached skill level 1 in Evocations
  5347 | D:4      | Reached skill level 1 in Invocations
  5347 | D:4      | Reached XP level 7. HP: 35/43 MP: 6/10
  5489 | D:4      | Found an ornate altar of the Wu Jian Council.
  5851 | D:4      | Learned a level 4 spell: Summon Ice Beast
  6108 | D:5      | Entered Level 5 of the Dungeon
  6108 | D:5      | Noticed Prince Ribbit
  6184 | D:5      | Killed Prince Ribbit
  6369 | D:5      | Reached * piety under Elyvilon
  6494 | D:5      | Noticed Eustachio
  6528 | D:5      | Killed Eustachio
  6529 | D:5      | Reached XP level 8. HP: 50/50 MP: 5/12
  6678 | D:5      | Noticed Blork the orc
  6882 | D:5      | Killed Blork the orc
  7223 | D:5      | Reached skill level 5 in Summonings
  7291 | D:5      | Found Param's Elemental Accessories.
  7621 | D:6      | Reached skill level 7 in Ice Magic
  7750 | D:6      | Found a staircase to the Ecumenical Temple.
  7759 | Temple   | Entered the Ecumenical Temple
  7914 | D:6      | Found a radiant altar of Vehumet.
  8176 | D:6      | Reached ** piety under Elyvilon
  8198 | D:6      | Noticed Grinder
  8209 | D:6      | Killed Grinder
  8343 | D:6      | Reached XP level 9. HP: 42/54 MP: 13/13
  8512 | D:6      | Found a blossoming altar of Fedhas.
  8575 | D:7      | Found a burning altar of Makhleb.
  8914 | D:7      | Reached skill level 8 in Ice Magic
  9582 | D:7      | Identified the +8 trident "Gram" {pain, rPois rC- MP+9}
 10201 | D:8      | Noticed Psyche
 10215 | D:8      | Killed Psyche
 10216 | D:8      | Reached skill level 9 in Ice Magic
 10222 | D:8      | Reached *** piety under Elyvilon
 10742 | D:8      | Noticed Pikel
 10751 | D:8      | Killed Pikel
 10910 | D:8      | Noticed a meliai
 10910 | D:8      | Noticed a deep elf pyromancer
 10932 | D:8      | Noticed a gargoyle
 10937 | D:8      | Killed a meliai
 10937 | D:8      | Killed a deep elf pyromancer
 10938 | D:8      | Reached skill level 10 in Ice Magic
 10938 | D:8      | Reached XP level 10. HP: 36/60 MP: 9/14
 10938 | D:8      | Killed a gargoyle
 11060 | D:8      | Identified the +2 robe "Deuniq" {Rampage +Fly rF+}
 11740 | D:8      | Noticed Maggie
 11757 | D:8      | Killed Maggie
 11758 | D:8      | Reached skill level 5 in Stealth
 12508 | D:9      | Reached **** piety under Elyvilon
 12675 | D:9      | Found a basalt altar of Yredelemnul.
 12698 | D:9      | Reached XP level 11. HP: 67/67 MP: 16/16
 13426 | D:2      | Killed Sigmund
 13713 | D:5      | Bought a tin of tremorstones (2/2) for 560 gold pieces
 13713 | D:5      | Upgraded the game from 0.27-a0-543-gd81048afd2 to
                  | 0.27-a0-553-ge0ab5a2769
 14244 | D:9      | Identified the +4 ring mail of Eternal Vigilance {-Tele
                  | Int+3 Dex+9}
 14721 | D:10     | Entered Level 10 of the Dungeon
 14731 | D:10     | Learned a level 4 spell: Ice Form
 14752 | D:10     | Reached skill level 1 in Transmutations
 15069 | D:10     | Reached skill level 1 in Unarmed Combat
 15391 | D:10     | Reached ***** piety under Elyvilon
 15671 | D:10     | Found Onakh's Antique Armour Emporium.
 16176 | D:11     | Found Kouck's Distillery.
 16181 | D:11     | Found a staircase to the Lair.
 16621 | D:11     | Bought a potion of heal wounds for 60 gold pieces
 16621 | D:11     | Bought a potion of magic for 96 gold pieces
 16672 | D:11     | Noticed a deep elf pyromancer
 17414 | D:10     | Reached skill level 5 in Transmutations
 18054 | D:11     | Noticed a six-headed hydra
 18069 | D:11     | Killed a six-headed hydra
 18070 | D:11     | Reached skill level 5 in Unarmed Combat
 18091 | D:11     | Noticed a boulder beetle
 18471 | D:11     | Killed a deep elf pyromancer
 18472 | D:11     | Reached XP level 12. HP: 74/74 MP: 11/18
 18576 | D:11     | Noticed a minotaur
 18767 | D:11     | Upgraded the game from 0.27-a0-553-ge0ab5a2769 to
                  | 0.27-a0-577-ge2a43ba0c9
 18772 | Lair:1   | Entered Level 1 of the Lair of Beasts
 19299 | Lair:1   | Noticed Grum
 19310 | Lair:1   | Killed Grum
 19410 | Lair:1   | Noticed an eight-headed hydra
 19428 | Lair:1   | Killed an eight-headed hydra
 19553 | Lair:1   | Noticed a boulder beetle
 19580 | Lair:1   | Killed a boulder beetle
 19966 | Lair:1   | Reached skill level 5 in Dodging
 20593 | Lair:2   | Found a staircase to the Snake Pit.
 20772 | Lair:2   | Noticed a boulder beetle
 21057 | Lair:2   | Killed a boulder beetle
 21058 | Lair:2   | Reached skill level 5 in Fighting
 21058 | Lair:2   | Reached skill level 5 in Invocations
 21476 | Lair:2   | Found a staircase to the Swamp.
 22566 | Lair:3   | Noticed a boulder beetle
 22566 | Lair:3   | Noticed Fannar
 23165 | Lair:3   | Killed a boulder beetle
 23220 | Lair:3   | Reached XP level 13. HP: 64/83 MP: 19/19
 24218 | Lair:3   | Killed Fannar
 25043 | Lair:4   | Upgraded the game from 0.27-a0-577-ge2a43ba0c9 to
                  | 0.27-a0-585-g945025970d
 25595 | Lair:4   | Reached ****** piety under Elyvilon
 26080 | Lair:4   | Noticed a dire elephant
 26099 | Lair:4   | Killed a dire elephant
 26540 | Lair:4   | Reached skill level 10 in Unarmed Combat
 26908 | Lair:4   | Found the amulet of Vitality {Regen+ HP+15}
 27326 | Lair:5   | Noticed Sonja
 27333 | Lair:5   | Killed Sonja
 28000 | Lair:5   | Reached XP level 14. HP: 90/90 MP: 14/20
 28366 | Lair:5   | Found a staircase to the Slime Pits.
 28366 | Lair:5   | Found a viscous altar of Jiyva.
 28805 | Lair:6   | Entered Level 6 of the Lair of Beasts
 28825 | Lair:6   | Found a frozen archway.
 28847 | Lair:6   | Reached skill level 10 in Dodging
 28992 | IceCv    | Entered an ice cave
 29755 | IceCv    | Identified the +10 plate armour of Qus Ces {rPois rC- Int+5
                  | Stlth+}
 29770 | IceCv    | Identified the +6 bardiche of the Scorching Boar {speed,
                  | rF+ Str+4}
 29772 | IceCv    | Identified the +5 hunting sling "Qaekidwe" {vorpal,
                  | *Corrode +Blink rF++ rN+ Int+4}
 29948 | IceCv    | Reached skill level 5 in Evocations
 31638 | Lair:6   | Identified a scroll of acquirement
 31639 | Lair:6   | Acquired 957 gold pieces
 31888 | Lair:6   | Noticed a dire elephant
 31888 | Lair:6   | Noticed a dire elephant
 31890 | Lair:6   | Noticed a dire elephant
 31942 | Lair:6   | Noticed a dire elephant
 31956 | Lair:6   | Killed a dire elephant
 31968 | Lair:6   | Noticed a dire elephant
 32054 | Lair:6   | Killed a dire elephant
 32234 | Lair:6   | Killed a dire elephant
 32365 | Lair:6   | Found the +6 lightning scales {swift rElec}
 32417 | Lair:6   | Killed a dire elephant
 32584 | Lair:6   | Killed a dire elephant
 33020 | D:11     | Noticed an emperor scorpion
 33036 | D:11     | Killed an emperor scorpion
 33472 | D:11     | Upgraded the game from 0.27-a0-585-g945025970d to
                  | 0.27-a0-604-g29a88b33a7
 33590 | D:12     | Found a flagged portal.
 33602 | Bailey   | Entered a bailey
 33644 | Bailey   | Noticed an orc warlord
 33870 | Bailey   | Found a runed translucent gate.
 33873 | Bailey   | Found a runed translucent gate.
 33882 | Bailey   | Found a runed translucent gate.
 34010 | Bailey   | Killed an orc warlord
 34011 | Bailey   | Reached XP level 15. HP: 99/99 MP: 5/21
 34050 | Bailey   | Reached XP level 16. HP: 107/107 MP: 14/22
 34051 | Bailey   | Reached XP level 17. HP: 113/113 MP: 14/23
 34447 | D:12     | Identified the ring "Niuteij" {*Slow +Fly rN+++ Int+4 Dex+3
                  | Slay+3}
 35062 | D:12     | Found a staircase to the Orcish Mines.
 35096 | Orc:1    | Entered Level 1 of the Orcish Mines
 36279 | Orc:2    | Entered Level 2 of the Orcish Mines
 36637 | Orc:2    | Found Qaaleh's General Store.
 37021 | Orc:2    | Found Fukue's Assorted Antiques.
 37029 | Orc:2    | Bought a papyrus book for 555 gold pieces
 37029 | Orc:2    | Bought a thick leatherbound book for 555 gold pieces
 37157 | Orc:2    | Noticed Saint Roka
 37343 | Orc:1    | Upgraded the game from 0.27-a0-604-g29a88b33a7 to
                  | 0.27-a0-607-g1ad3dbde53
 38169 | Orc:2    | Found a staircase to the Elven Halls.
 38792 | Orc:2    | Found Pazyam's Antique Weapon Emporium.
 38802 | Orc:2    | Found Biud's Antique Armour Shoppe.
 39354 | D:13     | Found an iron altar of Okawaru.
 41075 | D:13     | Learned a level 4 spell: Hailstorm
 41105 | D:14     | Reached skill level 1 in Conjurations
 41125 | D:14     | You fall into a shaft and drop 1 floor!
 41125 | D:15     | Entered Level 15 of the Dungeon
 42007 | D:14     | Found a gate to the Vaults.
 42029 | D:14     | Reached skill level 5 in Conjurations
 43292 | D:15     | Reached skill level 1 in Shields
 43982 | D:15     | Found a staircase to the Depths.
 44437 | D:15     | Reached skill level 10 in Fighting
 44960 | D:15     | Found Ettum's Magic Scroll Shoppe.
 45303 | D:15     | Upgraded the game from 0.27-a0-607-g1ad3dbde53 to
                  | 0.27-a0-637-g3a9f0a9c12
 45438 | Snake:1  | Entered Level 1 of the Snake Pit
 46326 | Lair:2   | Learned a level 5 spell: Blade Hands
 46606 | Lair:2   | Reached XP level 18. HP: 97/120 MP: 3/24
 46936 | Snake:1  | Noticed Asterion
 46953 | Snake:1  | Killed Asterion
 47669 | Snake:1  | Found a runed translucent gate.
 47671 | Snake:1  | Found a runed translucent gate.
 47679 | Snake:1  | Found a runed translucent gate.
 47844 | Snake:1  | Noticed Miemoat's ghost (adept DsIE)
 47845 | Snake:1  | Noticed Caur's ghost (adept MiBe)
 48561 | Snake:1  | Killed Caur's ghost
 48571 | Snake:1  | Killed Miemoat's ghost
 50332 | Snake:2  | Found Reasak Efa's Assorted Antiques.
 50462 | Snake:2  | Found Ryesk's Book Boutique.
 50470 | Snake:2  | Bought a book of Summonings for 1400 gold pieces
 50479 | Snake:2  | Learned a level 6 spell: Shadow Creatures
 50606 | Snake:2  | Bought a scroll labelled HEOSCH IXZOOST for 32 gold pieces
 50777 | Snake:2  | Upgraded the game from 0.27-a0-637-g3a9f0a9c12 to
                  | 0.27-a0-652-g2d5cf1dcd3
 50835 | Snake:2  | Acquired 1207 gold pieces
 50872 | Snake:2  | Bought a levitating book for 480 gold pieces
 51762 | Snake:2  | Reached skill level 10 in Summonings
 51887 | Snake:3  | Noticed Agnes
 51895 | Snake:3  | Killed Agnes
 54410 | Snake:4  | Entered Level 4 of the Snake Pit
 55279 | Snake:4  | Reached skill level 10 in Transmutations
 59258 | Snake:4  | Reached XP level 19. HP: 126/126 MP: 5/25
 61056 | Snake:4  | Reached skill level 5 in Spellcasting
 61363 | Snake:4  | Got a serpentine rune of Zot
 62011 | Swamp:1  | Entered Level 1 of the Swamp
 62134 | Snake:2  | Bought a book of Ice for 1300 gold pieces
 63657 | Lair:2   | Learned a level 7 spell: Ozocubu's Refrigeration
 64319 | Swamp:1  | Reached skill level 11 in Ice Magic
 64961 | Swamp:1  | Noticed Aizul
 64978 | Swamp:1  | Killed Aizul
 65673 | Swamp:1  | Upgraded the game from 0.27-a0-652-g2d5cf1dcd3 to
                  | 0.27-a0-661-gca034ae587
 65969 | Swamp:2  | Found a runed translucent door.
 67166 | Swamp:2  | Reached skill level 12 in Ice Magic
 67858 | Swamp:2  | Noticed fly's ghost (adept TeAE)
 67874 | Swamp:2  | Killed fly's ghost
 68691 | Swamp:3  | Noticed Jorgrun
 68704 | Swamp:3  | Killed Jorgrun
 69035 | Swamp:3  | Noticed a tentacled monstrosity
 69049 | Swamp:3  | Killed a tentacled monstrosity
 69227 | Swamp:3  | Noticed Donald
 69247 | Swamp:3  | Killed Donald
 69544 | Swamp:3  | Upgraded the game from 0.27-a0-661-gca034ae587 to
                  | 0.27-a0-676-gc1da3516c2
 69826 | Swamp:3  | Noticed Mara
 69857 | Swamp:3  | Killed Mara
 69858 | Swamp:3  | Reached skill level 13 in Ice Magic
 70303 | Swamp:4  | Entered Level 4 of the Swamp
 71805 | Swamp:4  | HP: 3/126 [seven-headed hydra simulacrum (11)]
 71805 | Swamp:4  | Elyvilon protects you from harm!
 71805 | Swamp:4  | Elyvilon protects you from harm!
 71805 | Swamp:4  | Elyvilon protects you from harm!
 71805 | Swamp:4  | Elyvilon protects you from harm!
 71805 | Swamp:4  | Elyvilon protects you from harm!
 71805 | Swamp:4  | Elyvilon protects you from harm!
 76088 | Swamp:4  | Got a decaying rune of Zot
 76151 | Swamp:4  | Upgraded the game from 0.27-a0-676-gc1da3516c2 to
                  | 0.27-a0-679-g77a6b55cf3
 76334 | Vaults:1 | Entered Level 1 of the Vaults
 76502 | Vaults:1 | Found Pabujoy's Antique Armour Emporium.
 76515 | Vaults:1 | Found a magical portal.
 76545 | WizLab   | Entered The Roulette of Golubria
 76545 | WizLab   | Found a transporter.
 76562 | WizLab   | Found a corrupted altar of Lugonu.
 76642 | WizLab   | Reached skill level 1 in Earth Magic
 76753 | WizLab   | Found a transporter.
 76781 | WizLab   | Found a transporter.
 76788 | WizLab   | Found a transporter.
 77113 | WizLab   | Found a transporter.
 77114 | WizLab   | Found the +2 cloak of the Thief {*Fog Slay-2 SInv Stlth+}
 77208 | WizLab   | Found a transporter.
 77383 | WizLab   | Found a transporter.
 77410 | WizLab   | Found a transporter.
 77417 | WizLab   | Found a corrupted altar of Lugonu.
 77555 | WizLab   | Found a transporter.
 77595 | WizLab   | Found a transporter.
 77673 | WizLab   | Found a transporter.
 77673 | WizLab   | Found a transporter.
 77722 | WizLab   | Found a transporter.
 77792 | WizLab   | Found a transporter.
 77801 | WizLab   | Found a transporter.
 77832 | WizLab   | Learned a level 5 spell: Lee's Rapid Deconstruction
 77894 | WizLab   | Found a transporter.
 78055 | WizLab   | Found a transporter.
 78388 | WizLab   | Reached XP level 20. HP: 65/132 MP: 14/29
 78627 | WizLab   | Identified the Tome of the Quahog
 78654 | WizLab   | Found a transporter.
 78824 | WizLab   | Reached skill level 5 in Earth Magic
 78943 | WizLab   | Identified the +2 cloak of the Hills {Dex+3}
 79108 | WizLab   | Found a transporter.
 79108 | WizLab   | Found a transporter.
 79596 | Vaults:1 | Bought an embroidered hat for 175 gold pieces
 79774 | Vaults:1 | Reached skill level 14 in Ice Magic
 79904 | Vaults:1 | Upgraded the game from 0.27-a0-679-g77a6b55cf3 to
                  | 0.27-a0-684-g359e429f13
 79912 | Vaults:1 | Reached skill level 5 in Shields
 80838 | Vaults:1 | Found a runed translucent gate.
 80838 | Vaults:1 | Found a runed translucent gate.
 80838 | Vaults:1 | Found a runed translucent gate.
 80840 | Vaults:1 | Noticed passata's ghost (adept DECj)
 80872 | Vaults:1 | Killed passata's ghost
 81419 | Vaults:1 | Found Igiro's Weapon Shop.
 82180 | Vaults:1 | Found Axziph's Jewellery Boutique.
 82379 | Vaults:1 | Found Vazxoh's Antique Armour Emporium.
 82382 | Vaults:1 | Reached skill level 15 in Ice Magic
 82540 | Vaults:1 | Found Booshyrch's Assorted Antiques.
 83409 | Vaults:1 | Upgraded the game from 0.27-a0-684-g359e429f13 to
                  | 0.27-a0-686-gaed091b46b
 84232 | Vaults:2 | HP: 6/132 [ironbound frostheart/frost (34)]
 84237 | Vaults:2 | Killed from afar by an ironbound frostheart

Illustrated notes

Levels and vault maps discovered:
D:1:      lightli_arrival_boilingwater, layout_basic
D:2:      layout_basic, nicolae_ru_great_annihilating_truth,
          minmay_tetromino_t2, uniq_sigmund, uniq_robin
D:3:      layout_loops_ring, grunt_gozag_statues,
          chequers_temple_overflow_statue_of_worship, hangedman_glass_garden,
          makhleb_altar_promises_db
D:4:      layout_cave_pools, general_overflow_altar,
          cheibrodos_sewer_entry_sluice
D:5:      layout_cave_pools, nicolae_elemental_shop,
          minmay_misc_feat_secret_circle, uniq_prince_ribbit1,
          uniq_blork_the_orc, uniq_eustachio
D:6:      layout_rooms, nicolae_overflow_hidden_temple,
          minmay_temple_entry_tees, uniq_grinder
D:7:      layout_basic, nicolae_overflow_crystal_walls, minmay_fractal_squares_5
D:8:      minmay_the_grid_triangle_9x9_recursive_2
          [minmay_the_grid_triangle_9x9_prize_center,
          minmay_the_grid_triangle_9x9_checkered,
          minmay_the_grid_triangle_9x9_cache,
          minmay_the_grid_triangle_9x9_swiss_cheese], layout_rooms, uniq_psyche,
          uniq_pikel, uniq_maggie
D:9:      layout_basic, overflow_temple_1_default
D:10:     layout_roguey, serial_shops, shop_statue, minmay_misc_feat_nine_boxes,
          abandoned_shop
D:11:     nzn_winding_woodlands_three_and_one
          [nzn_winding_woodlands_5x15_sawtooth, nzn_winding_woodlands_5x15_pool,
          nzn_winding_woodlands_5x15_jagged,
          nzn_winding_woodlands_center_pierced_h], layout_cross,
          due_lair_maze_entry_diamond, serial_shops, shop
D:12:     layout_roguey, erik_orc_2, enter_bailey_3
D:13:     layout_small_grid, basic_altar, grunt_ministairs_14
D:14:     layout_rooms, lightli_vaults_fourway_checkpoint
D:15:     grunt_enter_depths_snipers, layout_grid_maze, serial_shops,
          nicolae_shop_behind_doors, amethyst_killhole, st_stairs_8
Temple:   dshaligram_water_room_temple
Lair:1:   layout_concentric_octagons, serial_bayou_pond_d, beast_lair_carwin_6,
          uniq_grum
Lair:2:   layout_small_grid, swamp_mist, minmay_snake_entry_six_corridors
Lair:3:   layout_regular_city, serial_forest, infiniplex_forest_clump_tiny,
          infiniplex_forest_clump_curved, infiniplex_forest_clump_large,
          infiniplex_forest_corner_1, infiniplex_forest_clump_curved,
          infiniplex_forest_side_room, infiniplex_forest_clump_small,
          infiniplex_forest_pool, nzn_sisyphean_effort, uniq_fannar
Lair:4:   mu_elephants_graveyard, layout_regular_city, serial_bayou_shore_a
Lair:5:   layout_misc_corridors, slime_altar_1, forest_entry_grove, uniq_sonja
Lair:6:   due_jungle_book, layout_regular_city, portal_ice_cave_rime,
          chequers_serial_rivers_micro_b, minivault_26,
          infiniplex_staircase_pool_2, grunt_megastairs_2
Swamp:1:  layout_basic_swamp, evilmike_swamp_ruin_house_5, uniq_aizul
Swamp:2:  layout_basic_swamp, ebering_ghost_reflecting_pool, serial_swamp_ruin,
          evilmike_swamp_ruin_house_4, evilmike_swamp_ruin_rubble_1,
          evilmike_swamp_ruin_rubble_2, swamp_pool4, st_swamp_ruins_1
Swamp:3:  layout_basic_swamp, evilmike_swamp_ruin_house_2, swamp_pool4,
          infiniplex_staircase_pool, uniq_mara, uniq_jorgrun, uniq_donald
Swamp:4:  swamp_icy, layout_basic_swamp
Snake:1:  layout_chambers, gammafunk_ghost_cemetery, uniq_asterion
Snake:2:  layout_misc_corridors, abandoned_shop, minmay_shoptagon
Snake:3:  layout_gridlike, serial_bayou_pond_e, grunt_ministairs_12, uniq_agnes
Snake:4:  johnstein_snake_rune_scales, layout_cave_town, minmay_snake_pond
Orc:1:    layout_caves, nooodl_orcs_dogs
Orc:2:    grunt_orc_community_town_hall, layout_diamond_mine,
          grunt_orc_community_big_house_2, grunt_orc_community_big_house_1,
          grunt_orc_community_house_1, grunt_orc_community_house_3,
          grunt_orc_community_house_2, grunt_orc_community_house_1,
          grunt_orc_community_house_3, grunt_orc_community_house_2, basic_altar
Vaults:1: gammafunk_vaults_ghost_necromancy, nicolae_vaults_ring_of_whatevers,
          vaults_room_corners, v_rooms_6, hangedman_vaults_river_flow,
          nicolae_vaults_yaktaur_gun_rack, v_misc_2, nicolae_vaults_what_the_h,
          vaults_mumra_chevron, hangedman_vaults_corner_blocks,
          ontoclasm_vaults_ring_square, layout_vaults_omnibox, serial_shops,
          shop, shop_fountains, nicolae_shop_waterfront, shop_statue,
          nicolae_shop_trees, infiniplex_enter_wizlab_spiral
Vaults:2: st_greater_box_4, hangedman_vaults_nodes, nicolae_vaults_shelves_hall,
          vaults_mumra_minichess, v_rooms_1, vaults_room_pools,
          hangedman_vaults_impose, ontoclasm_vaults_chip, layout_vaults_big_room

Skill      XL: |  1  2  3  4  5  6  7  8  9 10 11 12 13 14 15 16 17 18 19 20 |
---------------+-------------------------------------------------------------+-----
Ice Magic      | 5 6 7 10 13 15 | 15.4
Stealth        | 3 4 5 6 8 |  8.8
Fighting       | 1 2 3 4 6 8 9 10 | 10.1
Evocations     | 1 2 3 4 7 |  7.1
Invocations    | 1 3 6 7 |  7.3
Summonings     | 4 6 9 12 | 12.9
Dodging        | 4 6 9 11 12 13 | 13.8
Spellcasting   | 3 4 6 |  6.5
Transmutations | 6 7 8 10 | 10.9
Unarmed Combat | 5 8 10 12 14 | 14.4
Conjurations   | 5 |  5.6
Shields        | 3 4 9 |  9.6
Earth Magic    | 3 7 |  7.0
Staves         | |  0.9

Action                   |  1- 3 |  4- 6 |  7- 9 | 10-12 | 13-15 | 16-18 | 19-21 || total
-------------------------+-------+-------+-------+-------+-------+-------+-------++-------
Melee: Short sword       |    23 |    25 |       |       |       |       |       ||    48
       Constrict         |     6 |    12 |    22 |    14 |     2 |    19 |    20 ||    95
       Tentacles         |     2 |     3 |    15 |    22 |     5 |    19 |    42 ||   108
       Staff             |       |    14 |    14 |    14 |    16 |    17 |    13 ||    88
       Whip              |       |     8 |     6 |       |       |       |       ||    14
       Falchion          |       |       |    17 |       |       |       |       ||    17
       Dagger            |       |       |     4 |       |       |     4 |       ||     8
       Trident           |       |       |    66 |    78 |       |       |       ||   144
       Flail             |       |       |    17 |     1 |       |       |       ||    18
       Glaive            |       |       |       |    11 |       |       |       ||    11
       Unarmed           |       |       |       |   277 |   567 |   644 |   244 ||  1732
       Punch             |       |       |       |       |     2 |    22 |    27 ||    51
Throw: Dart              |       |       |     3 |       |       |       |       ||     3
 Cast: Freeze            |    29 |    20 |    12 |       |       |       |       ||    61
       Frozen Ramparts   |     1 |    26 |    40 |    70 |    46 |    68 |     4 ||   255
       Ozocubu's Armour  |       |    15 |    37 |    55 |    55 |    61 |    62 ||   285
       Summon Ice Beast  |       |       |    27 |    82 |   150 |   193 |       ||   452
       Ice Form          |       |       |       |    53 |    69 |   104 |    21 ||   247
       Hailstorm         |       |       |       |       |       |    11 |     4 ||    15
       Blade Hands       |       |       |       |       |       |    23 |    47 ||    70
       Shadow Creatures  |       |       |       |       |       |   173 |   380 ||   553
       Ozocubu's Refrige |       |       |       |       |       |       |    63 ||    63
       Lee's Rapid Decon |       |       |       |       |       |       |    11 ||    11
Invok: Lesser Healing    |       |       |     1 |       |       |       |       ||     1
       Greater Healing   |       |       |       |     7 |     8 |    24 |     9 ||    48
       Purification      |       |       |       |       |       |     1 |       ||     1
       Divine Protection |       |       |       |       |       |       |     2 ||     2
 Abil: End Transformatio |       |       |       |       |       |     2 |     7 ||     9
Evoke: Wand              |       |       |       |     1 |     1 |     3 |     3 ||     8
       Tin of tremorston |       |       |       |       |       |     2 |     1 ||     3
  Use: Potion            |     2 |       |     1 |     3 |     1 |     8 |     8 ||    23
       Scroll            |       |    11 |     9 |     6 |     8 |     5 |     5 ||    44
 Stab: Sleeping          |     5 |     6 |    10 |    10 |    10 |    27 |     2 ||    70
       Paralysed         |       |     1 |       |       |       |       |       ||     1
       Distracted        |       |       |       |     3 |     6 |    10 |     8 ||    27
       Invisible         |       |       |       |       |       |     2 |       ||     2
Armor: Skin              |     2 |     8 |    32 |   113 |   214 |   155 |    53 ||   577
Dodge: Dodged            |    45 |    32 |    93 |   227 |   367 |   528 |   225 ||  1517
Block: Other             |       |       |    28 |    76 |    40 |   105 |    30 ||   279
       Reflection        |       |       |       |     5 |       |    21 |    19 ||    45
       Buckler           |       |       |       |       |       |    27 |    97 ||   124
       Rpst.: Falchion   |       |       |     4 |       |       |       |       ||     4

Table legend: (Time is in decaauts)
 A = Elapsed time spent in this place.
 B = Non-inter-level travel time spent in this place.
 C = Inter-level travel time spent in this place.
 D = Time resting spent in this place.
 E = Time spent auto-exploring this place.
 F = Levels seen in this place.
 G = Mean time per level.
                   A        B        C        D        E       F      G
               +--------+--------+--------+--------+--------+-----+--------+
         Total |  84036 |  81079 |   2957 |  23924 |  42195 |  38 | 2211.5 |
       Dungeon |  26597 |  25321 |   1276 |   5159 |  15501 |  15 | 1773.1 |
        Temple |     93 |     69 |     24 |      0 |     68 |   1 |   93.0 |
          Lair |  16314 |  15617 |    697 |   3670 |   9608 |   6 | 2719.0 |
         Swamp |  12052 |  11910 |    142 |   6395 |   4063 |   4 | 3013.0 |
     Snake Pit |  15375 |  14930 |    445 |   5342 |   6715 |   4 | 3843.8 |
  Orcish Mines |   3764 |   3458 |    306 |    671 |   1552 |   2 | 1882.0 |
        Vaults |   4885 |   4819 |     66 |   1549 |   2520 |   2 | 2442.5 |
         Sewer |    635 |    635 |      0 |    359 |    129 |   1 |  635.0 |
        Bailey |    469 |    469 |      0 |      7 |     55 |   1 |  469.0 |
      Ice Cave |   1013 |   1013 |      0 |    437 |    151 |   1 | 1013.0 |
        Wizlab |   2835 |   2835 |      0 |    334 |   1833 |   1 | 2835.0 |
               +--------+--------+--------+--------+--------+-----+--------+

Top non-repeatable levels by time:
 Snake:4: 5179 daAuts
  Lair:2: 4918 daAuts
 Swamp:4: 4570 daAuts
 Snake:3: 4402 daAuts
Vaults:1: 3984 daAuts
 Swamp:2: 3366 daAuts
 Snake:1: 3266 daAuts
    D:15: 2959 daAuts
  WizLab: 2835 daAuts
  Lair:6: 2593 daAuts
  Lair:4: 2552 daAuts
 Swamp:3: 2534 daAuts
 Snake:2: 2526 daAuts
  Lair:3: 2487 daAuts
    D:10: 2430 daAuts
